 Dungeon Crawl Stone Soup version 0.29-a0-620-g13ace881f2 (webtiles) character file.

Game seed: 36542020888387215

116 Warped the Twirler (level 5, -5/30 HPs)
             Began as a Gargoyle Gladiator on June 19, 2022.
             Slain by a gnoll
             ... wielding a +0 halberd
              (10 damage)
             ... on level 3 of the Dungeon.
             The game lasted 00:01:28 (2063 turns).

Warped the Twirler (Gargoyle Gladiator)             Turns: 2063, Time: 00:01:29

Health: -5/30      AC: 10    Str: 20    XL:     5   Next: 1%
Magic:  5/5        EV: 11    Int:  8    God:
Gold:   109        SH:  0    Dex: 11    Spells: 4/4 levels left

rFire   . . .      SeeInvis .   a - +0 quarterstaff
rCold   . . .      Faith    .   (shield currently unavailable)
rNeg    + . .      Spirit   .   w - +0 ring mail
rPois   ∞          Reflect  .   c - +0 helmet
rElec   +          Harm     .   (no cloak)
rCorr   .          Rampage  .   (no gloves)
Will    .....                   (no boots)
Stlth   +.........              (no amulet)
HPRegen 0.10/turn               (no ring)
MPRegen 0.09/turn               (no ring)

@: no status effects
A: sickness immunity, AC +4, negative energy resistance 1, electricity
resistance, torment resistance 1, petrification resistance
a: no special abilities


You were on level 3 of the Dungeon.
You visited 1 branch of the dungeon, and saw 3 of its levels.

You collected 109 gold pieces.

Inventory:

Hand Weapons
 a - a +0 quarterstaff (weapon)
 o - a +0 hunting sling
Missiles
 d - 3 throwing nets (quivered)
 e - a javelin
 q - 54 stones
Armour
 c - a +0 helmet (worn)
 w - a +0 ring mail (worn)
Scrolls
 f - 2 scrolls of enchant armour {unknown}
 g - 5 scrolls of identify {unknown}
 i - 3 scrolls of fear {unknown}
 j - a scroll of noise {unknown}
 k - 2 scrolls of teleportation {unknown}
 l - a scroll of immolation {unknown}
 m - a scroll of torment {unknown}
 n - 2 scrolls of blinking {unknown}
 u - a scroll of enchant weapon {unknown}
Potions
 b - a potion of flight {unknown}
 h - a potion of experience {unknown}
 p - 2 potions of heal wounds {unknown}
 r - 2 potions of attraction {unknown}
 s - a potion of might {unknown}
 t - 2 potions of haste {unknown}
 v - a potion of degeneration {unknown}


   Skills:
 - Level 2.1 Fighting
 + Level 5.5 Staves
 - Level 1.7 Throwing
 - Level 2.4 Dodging


You had 4 spell levels left.
You didn't know any spells.
Your spell library was empty.

Dungeon Overview and Level Annotations

Branches:
Dungeon (3/15)

Altars:
Ashenzari


Innate Abilities, Weirdness & Mutations

You are immune to sickness and miasma.
Your stone body is resilient. (AC +4)
You are immune to poison.
You resist negative energy. (rN+)
You are resistant to electric shocks. (rElec)
You are resistant to unholy torment.
You are immune to petrification.


Message History

The gnoll barely misses you.
You closely miss the gnoll. The gnoll hits you but does no damage.
The gnoll barely misses you. The kobold misses you.
The gnoll attacks as you move away! The gnoll closely misses you.
You closely miss the gnoll. The gnoll hits you with a +0 club.
The gnoll barely misses you.
You thump the gnoll!
The gnoll is almost dead.
The gnoll barely misses you.
The gnoll hits you from afar with a +0 halberd.
You hit the gnoll.
You kill the gnoll!
The gnoll hits you but does no damage. The goblin barely misses you.
The gnoll barely misses you.
You have reached level 5!
The goblin attacks as you move away! The goblin hits you but does no damage.
You hit the goblin but do no damage. The goblin barely misses you.
You completely miss the goblin. The goblin closely misses you.
The gnoll hits you from afar with a +0 halberd.
You barely miss the goblin. The gnoll barely misses you.
The goblin hits you but does no damage.
You closely miss the goblin. The goblin hits you with a +0 dagger.
The gnoll hits you but does no damage.
You sock the goblin!
You kill the goblin!
The gnoll hits you from afar with a +0 halberd.
You see here a giant cockroach corpse.
The gnoll hits you but does no damage.
You hit the gnoll.
The gnoll is lightly wounded.
The gnoll hits you with a +0 halberd!
* * * LOW HITPOINT WARNING * * *
You sock the gnoll!
The gnoll is severely wounded.
The gnoll hits you with a +0 halberd.
* * * LOW HITPOINT WARNING * * *
You closely miss the gnoll.
The gnoll is severely wounded.
The gnoll hits you with a +0 halberd!
You die...

#########
#.......##############
+....................# ###
#.......############.# #..
+....[...#...@gK...#.# #..
#........#.#######.#.# #..
####....†.†.#.......#†#.# ###
.....######.....#####.#.#
####.# #......K....#.#
#.#######....#######.#########
#.............g.K.##..........
#...#############.############
+...+ #)#


You could see a gnoll and a kobold.

Vanquished Creatures
  Jessica (D:2)
  2 gnolls (D:3)
  2 adders
  A dart slug (D:1)
  An orc (D:3)
  7 ball pythons
  5 endoplasms
  2 giant cockroaches
  2 goblins
  5 hobgoblins
  2 jackals (D:1)
  A quokka (D:1)
  4 bats
  5 frilled lizards
  4 kobolds
  3 rats
47 creatures vanquished.

Notes
Turn   | Place    | Note
-------+----------+-------------------------------------------
     0 | D:1      | Warped the Gargoyle Gladiator began the quest for the Orb.
     0 | D:1      | Reached XP level 1. HP: 12/12 MP: 1/1
   198 | D:1      | Reached XP level 2. HP: 17/17 MP: 2/2
   568 | D:1      | Reached skill level 4 in Staves
   805 | D:1      | Reached XP level 3. HP: 21/21 MP: 3/3
  1028 | D:2      | Found a broken altar of Ashenzari.
  1118 | D:2      | Found a faded altar of an unknown god.
  1312 | D:2      | Noticed Jessica
  1316 | D:2      | Killed Jessica
  1317 | D:2      | Reached XP level 4. HP: 26/26 MP: 4/4
  1582 | D:2      | Reached skill level 5 in Staves
  2036 | D:3      | Reached XP level 5. HP: 25/30 MP: 5/5
  2063 | D:3      | Slain by a gnoll

Illustrated notes

Levels and vault maps discovered:
D:1:      saegor_arrival_simple_d, layout_basic
D:2:      layout_basic, basic_altar, ebering_ecumenical_altar_box, uniq_jessica
D:3:      layout_basic

Skill      XL: |  1  2  3  4 |
---------------+-------------+-----
Staves         | 4 5 |  5.5
Fighting       | |  2.1
Throwing       | |  1.7
Dodging        | |  2.4

Action                   |  1- 3 |  4- 6 || total
-------------------------+-------+-------++-------
Melee: Quarterstaff      |    85 |    65 ||   150
Armor: Leather armour    |    38 |    24 ||    62
       Ring mail         |       |     9 ||     9
Dodge: Dodged            |    43 |    50 ||    93

Table legend: (Time is in decaauts)
 A = Elapsed time spent in this place.
 B = Non-inter-level travel time spent in this place.
 C = Inter-level travel time spent in this place.
 D = Time resting spent in this place.
 E = Time spent auto-exploring this place.
 F = Levels seen in this place.
 G = Mean time per level.
                   A        B        C        D        E       F      G
               +--------+--------+--------+--------+--------+-----+--------+
         Total |   2075 |   1987 |     88 |      0 |   1654 |   3 |  691.7 |
       Dungeon |   2075 |   1987 |     88 |      0 |   1654 |   3 |  691.7 |
               +--------+--------+--------+--------+--------+-----+--------+

Top non-repeatable levels by time:
     D:1: 915 daAuts
     D:2: 716 daAuts
     D:3: 444 daAuts
